AoeStats
← 93老玩家回归

African Clearing

510337946Analyzed
4v4 RM · 2d ago on Sep 30, 2026· 49m 53s· 8 players
Game mode
Random Map
Map size
Large (8 player)
Population
200
Speed
Normal
Resources
Standard
Victory
Conquest
Starting age
Dark Age
Ending age
Imperial Age
RankedLock teamsTeams togetherTeam positionsShared explorationLock speedFull tech treeHidden civsTurbo modeCheats
Victory
Defeat
🇨🇳 Mongols · China
1580
+10
🇨🇳 Slavs · China
1489
+14
🇨🇳 Wu · China
1436
+16
🇨🇳 Goths · China
1362
+18
🇹🇼 Koreans · Taiwan
1496
-17
🇨🇳 Lithuanians · China
1449
-15
🇩🇪 Persians · Germany
1413
-14
🇨🇳 Spanish · China
1377
-12
Moerbsle
9:29 Loom
12:33 Feudal Age
12:57 Double-Bit Axe
21:16 Castle Age
19:27 Scale Mail Armor
20:41 Bloodlines
26:33 Bow Saw
26:04 Horse Collar
28:39 Scale Barding Armor
38:40 Imperial Age
37:59 Wheelbarrow
37:27 Heavy Plow
37:18 Gold Mining
37:18 Stone Mining
38:02 Forging
38:12 Chain Barding Armor
38:02 Husbandry
38:02 Husbandry
38:35 Cavalier
39:51 Iron Casting
42:30 Plate Barding Armor
42:56 Blast Furnace
45:28 Chemistry
44:50 Ballistics
45:39 Conscription
45:36 Heavy Scorpion
46:24 Fletching
48:24 Capped Ram
eddie.wang1217
2:54 Loom
12:38 Feudal Age
16:55 Castle Age
15:29 Double-Bit Axe
16:01 Gold Mining
19:05 Stone Mining
19:09 Fletching
20:43 Wheelbarrow
21:29 Town Watch
26:05 Bodkin Arrow
29:08 Fishing Lines
36:56 Imperial Age
35:10 Bow Saw
36:10 Hand Cart
36:41 Scale Mail Armor
37:39 Ballistics
37:02 Treadmill Crane
38:09 Bracer
39:15 Chemistry
39:31 Gold Shaft Mining
39:24 Elite War Wagon
41:40 Two-Man Saw
40:53 Forging
40:47 Gillnets
41:33 Conscription
41:05 Horse Collar
43:19 Stone Shaft Mining
44:20 Chain Mail Armor
44:41 Iron Casting
44:29 Fortified Wall
44:16 Murder Holes
45:26 Heavy Plow
46:09 Pikeman
46:50 Squires
46:35 Arson
47:40 Eupseong
47:45 Man-at-Arms
48:36 Halberdier
48:37 Long Swordsman
50:22 Plate Mail Armor
NorthOrigin
10:32 Loom
12:27 Feudal Age
16:10 Castle Age
15:50 Loom
26:32 Redemption
28:02 Town Watch
31:10 Double-Bit Axe
31:16 Fletching
31:33 Elite Skirmisher
35:42 Imperial Age
34:07 Bodkin Arrow
35:23 Wheelbarrow
35:14 Padded Archer Armor
36:28 Bracer
37:46 Chemistry
37:44 Leather Archer Armor
38:54 Bow Saw
40:41 Gold Mining
41:26 Conscription
40:34 Pikeman
41:15 Squires
42:23 Scale Mail Armor
QHB挂b户口本1页
6:12 Loom
13:25 Feudal Age
19:05 Castle Age
17:08 Double-Bit Axe
17:06 Horse Collar
20:55 Husbandry
26:36 Padded Archer Armor
32:10 Leather Archer Armor
32:10 Bloodlines
38:59 Wheelbarrow
42:06 Wheelbarrow
唐火火
6:42 Loom
15:32 Feudal Age
19:27 Castle Age
17:15 Double-Bit Axe
17:43 Stone Mining
19:36 Wheelbarrow
25:53 Horse Collar
27:54 Gold Mining
29:31 Forging
30:40 Bow Saw
30:06 Pikeman
30:46 Squires
31:51 Scale Mail Armor
32:01 Forging
33:20 Chain Mail Armor
37:10 Imperial Age
34:56 Hand Cart
37:39 Iron Casting
38:15 Gold Shaft Mining
37:35 Halberdier
38:39 Conscription
37:57 Capped Ram
40:23 Plate Mail Armor
40:53 Blast Furnace
40:27 Druzhina
40:49 Heavy Plow
41:51 Two-Man Saw
40:38 Town Watch
41:35 Man-at-Arms
41:58 Siege Ram
42:01 Long Swordsman
42:34 Two-Handed Swordsman
43:35 Champion
47:32 Caravan
48:04 Coinage
49:44 Chemistry
48:49 Siege Engineers
48:39 Fletching
49:23 Crop Rotation
93老玩家回归
7:56 Loom
12:29 Feudal Age
12:36 Man-at-Arms
13:58 Arson
20:40 Castle Age
19:32 Fletching
19:44 Padded Archer Armor
20:33 Forging
20:24 Scale Mail Armor
21:26 Double-Bit Axe
26:48 Wheelbarrow
25:58 Town Watch
29:28 Bodkin Arrow
35:40 Sanctity
44:00 Imperial Age
42:10 Hand Cart
44:38 Gold Mining
44:40 Stone Mining
45:27 Squires
乐邦
5:38 Loom
14:28 Feudal Age
18:49 Castle Age
17:09 Double-Bit Axe
17:12 Horse Collar
22:37 Elite Skirmisher
23:11 Fletching
24:49 Padded Archer Armor
26:12 Bodkin Arrow
35:39 Wheelbarrow
35:54 Bow Saw
36:27 Fervor
39:40 Scale Mail Armor
39:50 Forging
40:19 Squires
40:05 Pikeman
41:47 Chain Mail Armor
42:07 Iron Casting
43:51 Iron Casting
49:36 Man-at-Arms
赶脚的柠檬头
3:53 Loom
13:38 Feudal Age
16:04 Double-Bit Axe
18:20 Castle Age
16:26 Fletching
19:43 Bow Saw
23:06 Bodkin Arrow
24:53 Ballistics
26:02 Horse Collar
32:07 Wheelbarrow
32:39 Bloodlines
36:02 Husbandry
40:15 Imperial Age
39:00 Padded Archer Armor
39:09 Thumb Ring
39:54 Hand Cart
39:25 Town Watch
39:45 Stone Mining
39:54 Gold Mining
41:00 Leather Archer Armor
41:30 Bracer
42:33 Chemistry
42:08 Conscription
42:17 Bracer
43:13 Parthian Tactics
43:02 Forging
42:39 Elite Mangudai
44:54 Light Cavalry
46:19 Onager
47:24 Drill
48:41 Scale Barding Armor
49:12 Iron Casting
47:59 Hussar
50:22 Siege Engineers
Connection lost

Rejoining the realm…

Still unreachable

The connection could not be restored.

Session expired

The server has moved on; the page needs a fresh start.